 Dungeon Crawl Stone Soup version 0.25.0-11-g1f837a76a1 (webtiles) character file.

Game seed: 11006560606117276572

125830 Ge0ff the Unseen (level 15, -4/79 HPs)
             Began as a Spriggan Enchanter on June 24, 2020.
             Was a High Priest of Dithmenos.
             Killed from afar by a nagaraja (18 damage)
             ... with a lance of force
             ... on level 4 of the Snake Pit on June 25, 2020.
             The game lasted 01:53:48 (28780 turns).

Ge0ff the Unseen (Spriggan Enchanter)              Turns: 28780, Time: 01:53:49

Health: -4/79      AC: 19    Str:  4    XL:     15   Next: 73%
Magic:  0/40       EV: 20    Int: 26    God:    Dithmenos [*****.]
Gold:   1732       SH:  0    Dex: 21    Spells: 14/34 levels left

rFire    x . .     SeeInvis +   a - +9 dagger (vamp)
rCold    + + .     Gourm    .   (shield restricted)
rNeg     . . .     Faith    .   Z - +1 swamp dragon scales
rPois    +         Spirit   +   Q - +3 hat of Pondering {ponderous, MR+ MP+10 Int+5}
rElec    +         Reflect  .   f - +3 cloak of the Ward {rC+ Int+2}
rCorr    .         Harm     .   (gloves unavailable)
MR       +++..                  (boots unavailable)
Stlth    +++++++++.             Y - amulet of guardian spirit
HPRegen  0.23/turn              b - +4 ring of protection {=R}
MPRegen  0.27/turn              g - ring "Baamm" {Ice rElec}

@: lethally poisoned (-4 -> -10), about to teleport, very slightly contaminated,
wreathed by umbra, drained, very quick
A: very small, unfitting armour, see invisible, herbivore, speed 3, slow
metabolism 2
}: 2/15 runes: decaying, serpentine
a: Shadow Step, Shadow Form, Renounce Religion


You were on level 4 of the Snake Pit.
You worshipped Dithmenos.
Dithmenos was extremely pleased with you.
You were not hungry.

You visited 6 branches of the dungeon, and saw 29 of its levels.
You also visited: Sewer, Bailey and Gauntlet.

You collected 2686 gold pieces.
You spent 954 gold pieces at shops.

Inventory:

Hand Weapons
 a - a +9 vampiric dagger (weapon)
 h - a +3 scimitar of flaming
 H - a +3 dagger of distortion
Missiles
 n - 65 boomerangs (quivered)
 v - 11 curare-tipped darts {=f}
Armour
 f - the +3 cloak of the Ward (worn) {rC+ Int+2}
   (You found it on level 1 of the Snake Pit)

   It affects your intelligence (+2).
   It protects you from cold.
 l - +0 fire dragon scales
 o - a scarf of invisibility
 x - a +2 cloak of preservation
 G - a +0 troll leather armour {Purgy}
 L - a +2 robe of magic resistance
 Q - the +3 hat of Pondering (worn) {ponderous, MR+ MP+10 Int+5}
   (You took it off Gastronok on level 1 of the Lair of Beasts)

   It affects your intelligence (+5).
   It affects your resistance to hostile enchantments.
   It affects your magic capacity (+10).
 Z - +1 swamp dragon scales (worn)
Jewellery
 b - a +4 ring of protection (left hand) {=R}
 g - the ring "Baamm" (right hand) {Ice rElec}
   (You bought it in a shop on level 2 of the Orcish Mines)

   [ring of ice]

   It enhances your ice magic.
   It makes you vulnerable to fire.
   It protects you from cold.
   It insulates you from electricity.
 t - an uncursed amulet of the acrobat
 u - an uncursed ring of stealth
 w - an uncursed ring of flight
 D - an uncursed ring of protection from fire
 J - an uncursed ring of resist corrosion
 N - an uncursed ring of positive energy
 S - an uncursed ring of protection from cold
 Y - an amulet of guardian spirit (around neck)
Wands
 c - a wand of clouds (9)
 d - a wand of digging (11)
 j - a wand of acid (7)
 k - a wand of iceblast (14)
 p - a wand of paralysis (28)
 s - a wand of disintegration (39)
 P - a wand of polymorph (9)
Scrolls
 m - 4 scrolls of magic mapping
 y - 4 scrolls of immolation
 C - 5 scrolls of remove curse
 E - a scroll of fear
 T - 7 scrolls of teleportation
Potions
 q - 6 potions of curing
 z - 2 potions of brilliance
 F - 2 potions of stabbing
 I - 3 potions of invisibility
 M - 2 potions of might
 R - 3 potions of resistance
 V - 3 potions of mutation
 X - 2 potions of flight
Miscellaneous
 O - 2 boxes of beasts
 U - a phantom mirror
Comestibles
 r - 26 rations


   Skills:
 - Level 9.0(8.0) Fighting
 - Level 12.0(10.9) Short Blades
 * Level 2.8(2.0) Armour
 + Level 13.6(12.6) Dodging
 + Level 16.4(15.3) Stealth
 - Level 10.0(9.0) Spellcasting
 - Level 3.0(2.2) Conjurations
 - Level 10.0(9.0) Hexes
 - Level 3.0(2.2) Charms
 + Level 8.4(7.4) Translocations
 - Level 3.0(2.2) Ice Magic
 * Level 11.4(10.4) Invocations
 - Level 10.0(9.0) Evocations


You had 14 spell levels left.
You knew the following spells:

 Your Spells              Type           Power        Failure   Level  Hunger
c - Blink                 Tloc           N/A          1%          2    None
d - Tukima's Dance        Hex            ######..     1%          3    None
g - Apportation           Tloc           ######       1%          1    None
k - Ensorcelled Hibernat  Hex/Ice        ######       4%          2    None
m - Dazzling Flash        Conj/Hex       #####.       9%          3    None
s - Shroud of Golubria    Chrm/Tloc      #####.       6%          2    None
t - Confusing Touch       Hex            ######..     1%          3    None
F - Cause Fear            Hex            ######....   7%          4    #......

Your spell library contained the following spells:

 Spells                   Type           Power        Failure   Level  Hunger
 Corona                   Hex            ######.      1%          1    None
 Gell's Gravitas          Tloc           ######....   4%          3    None
 Lesser Beckoning         Tloc           ######....   4%          3    None
 Teleport Other           Tloc           ######..     4%          3    None
 Passage of Golubria      Tloc           N/A          13%         4    #......
 Foxfire                  Conj/Fire      ###.         19%         1    None
 Animate Skeleton         Necr           N/A          28%         1    None
 Summon Small Mammal      Summ           ##..         28%         1    None
 Dragon Form              Tmut           ##........   100%        7    #######
 Dragon's Call            Summ           ##........   100%        9    #######


Dungeon Overview and Level Annotations

Branches:
Dungeon (12/15)            Temple (1/1) D:5            Lair (6/6) D:8
  Swamp (4/4) Lair:2        Snake (4/4) Lair:4        Slime (0/5) Lair:6
    Orc (2/2) D:9             Elf (0/3) Orc:2         Sewer (visited)
 Bailey (visited)         Gauntlet (visited)

Altars:
Ashenzari
Cheibriados
Dithmenos
Elyvilon
Fedhas
Gozag
Hepliaklqana
Kikubaaqudgha
Makhleb
Nemelex Xobeh
Okawaru
Qazlal
Ru
Sif Muna
Trog
Uskayaw
Vehumet
Wu Jian
Xom
Yredelemnul
Zin
The Shining One
Beogh

Shops:
Orc:2 %[=*(

Annotations:
D:12 Delamore's ghost, journeyman GrFi; Shukka's ghost, journeyman MiBe; collin38's ghost, journeyman MiBe
Swamp:2 exclusion: upstairs, Donald; Louise
Snake:2 exclusions: nagaraja and upstairs
Snake:4 exclusions: guardian serpent, 2 nagas, salamander and upstairs


Innate Abilities, Weirdness & Mutations

You are very small and have problems with some larger weapons.
You are too small for most types of armour.
You have supernaturally acute eyesight. (SInv)
You are a herbivore.
You cover ground extremely quickly.
You need to consume almost no food.


Message History

The naga warrior resists with almost no effort.
The naga mage resists with almost no effort.
The naga looks frightened!
The nagaraja spits poison at you. The splash of poison misses you.
The nagaraja spits poison at you. The splash of poison misses you.
The naga mage howls, "Help!"
The naga mage shouts!
You feel better.
The nagaraja points at you and mumbles some strange words.
The poison arrow hits you!!
You are poisoned.
You partially resist.
* * * LOW HITPOINT WARNING * * *
Cornered, the naga turns to fight!
The nagaraja misses you.
The naga mage gibbers meaninglessly.
The nagaraja casts a spell at you. The lance of force hits you!!
You die...

**,,,,,######,,,,,*,***,,*,
*,,,,###....###,,,*** *,,,*
**,,,##N...N...##,,,* ***,*
*,,,##..N.NNNN..#,,,* **,*
*,,,#N.NS###N..§##,,** *,,*
*,,,#NN.NNN##.§§§#,,,* *,**
*,,,#.N.N.N.##§§§#,,,* *,*
*,,,#N(NNN..##§§N#,,,****,*
*,,,##.N.N.@##N..#,,,*,**,**
**,,,#.NNN.##....#,,,*,,,,,*
*,.,###S.##N.N.##,,,*,,,,,,
*,...N####..N.#*,,,****,,,,
**..NN.N.....#*,,,,* **,,,
*#..N.N....##,,,,** **,,
###..N..###,,,,,* **,,
########.,,,,** **,,,
*#...,,** *,***


You could see 3 naga warriors, 6 nagarajas, 2 naga sharpshooters, 2 guardian
serpents, 3 naga magi and 7 nagas.

Vanquished Creatures
  Rupert (Lair:6)
  Frances (Swamp:1)
  Gastronok (Lair:1)
  An orc warlord (Orc:2)
  Aizul (Swamp:1)
  A minotaur (Gauntlet)
  Snorg (D:10)
  A green death (Gauntlet)
  A fire dragon (Lair:6)
  Erolcha (D:11)
  5 hydras
  2 shambling mangroves (Swamp:2)
  A naga warrior (Snake:2)
  A catoblepas (D:11)
  A merfolk avatar (Swamp:4)
  Erica (Lair:1)
  A centaur warrior (D:12)
  2 alligators
  4 anacondas
  3 death yaks (Lair:6)
  A shock serpent (Snake:2)
  The ghost of Vuqugis the Cleaver, a novice DsBe of Trog (D:12)
  An orc high priest (Orc:2)
  Nergalle (Lair:1)
  Sonja (D:11)
  An unseen horror (D:7)
  A spriggan druid (Swamp:2)
  9 orc knights
  A lindwurm (Lair:6)
  A deep elf mage (D:12)
  An ugly thing (D:12)
  2 mana vipers
  4 orc sorcerers (Orc:2)
  4 cyclopes
  9 elephants
  4 salamanders
  2 guardian serpents
  Maurice (D:12)
  17 black mambas
  A torpor snail (Lair:3)
  3 molten gargoyles (Lair:6)
  Psyche (D:11)
  Joseph (D:10)
  2 naga magi
  9 spiny frogs
  2 centaur skeletons
  Maggie (Lair:1)
  5 rime drakes
  11 komodo dragons
  5 trolls
  3 hornets
  2 polar bears
  9 blink frogs
  A tyrant leech (Swamp:3)
  8 bog bodies
  7 slime creatures
  8 dream sheep
  8 hippogriffs
  3 alligator zombies (Swamp:4)
  Sigmund (D:3)
  A spriggan (Swamp:2)
  53 yaks
  2 shadows
  6 wyverns
  3 basilisks
  2 steam dragons (Lair:6)
  A hungry ghost (D:11)
  6 vampire mosquitoes
  5 insubstantial wisps (Swamp:1)
  8 swamp worms
  13 nagas
  2 wargs (Orc:2)
  5 hell hounds (Lair:6)
  Purgy (Sewer)
  18 water moccasins
  2 sky beasts
  4 porcupines
  2 swamp drakes
  A black bear (D:9)
  3 ice beasts
  27 orc warriors
  2 phantoms
  18 wolves
  6 ogres
  20 centaurs
  10 crocodiles
  5 big kobolds
  Blork the orc (Orc:2)
  A gnoll sergeant (Orc:1)
  14 bullfrogs
  4 scorpions
  4 killer bees (D:12)
  6 howler monkeys
  2 electric eels
  3 lava snakes (Lair:6)
  3 bullfrog zombies
  7 crimson imps
  A centaur zombie (D:12)
  13 orc priests
  A hound (D:9)
  A jelly (D:8)
  7 iguanas
  35 orc wizards
  12 worker ants
  A hound zombie (D:7)
  A worker ant zombie (D:5)
  26 adders
  3 shadow imps
  3 oozes
  An adder skeleton (D:10)
  5 worms
  4 dart slugs
  7 leopard geckos
  71 orcs
  9 bats
  6 giant cockroaches
  16 goblins
  10 hobgoblins
  12 jackals
  39 kobolds
  4 quokkas
  5 ball pythons
  4 frilled lizards
  A quokka skeleton (D:5)
  A quokka zombie (D:5)
  12 rats
766 creatures vanquished.

Vanquished Creatures (collateral kills)
  A naga warrior (Snake:4)
  A naga (Snake:4)
2 creatures vanquished.

Vanquished Creatures (others)
  A shock serpent (Snake:4)
  A dancing weapon (Lair:6)
  A naga (Snake:4)
  A jelly (D:12)
  An orc (D:6)
  A kobold (D:12)
  6 fungi
  2 plants
  2 withered plants (D:12)
16 creatures vanquished.

Grand Total: 784 creatures vanquished

Notes
Turn   | Place    | Note
-------+----------+-------------------------------------------
     0 | D:1      | Ge0ff the Spriggan Enchanter began the quest for the Orb.
     0 | D:1      | Reached XP level 1. HP: 9/9 MP: 5/5
   375 | D:1      | Reached XP level 2. HP: 4/13 MP: 2/6
   379 | D:1      | Learned a level 2 spell: Ensorcelled Hibernation
  1055 | D:1      | Reached XP level 3. HP: 15/16 MP: 8/8
  1823 | D:2      | Reached skill level 1 in Ice Magic
  1886 | D:2      | Reached skill level 5 in Stealth
  2115 | D:2      | Reached XP level 4. HP: 21/21 MP: 5/9
  2903 | D:3      | Noticed Sigmund
  2918 | D:3      | Killed Sigmund
  2918 | D:3      | Reached skill level 5 in Hexes
  2918 | D:3      | Reached XP level 5. HP: 16/24 MP: 9/11
  3114 | D:3      | Reached XP level 6. HP: 28/28 MP: 12/12
  3233 | D:3      | Found a faded altar of an unknown god.
  3550 | D:4      | Found a sparkling altar of Nemelex Xobeh.
  3551 | D:4      | Found an opulent altar of Gozag.
  3831 | D:4      | Found a glowing drain.
  3835 | Sewer    | Entered a sewer
  3972 | Sewer    | Noticed Purgy
  3980 | Sewer    | Killed Purgy
  3980 | Sewer    | Reached skill level 6 in Stealth
  3980 | Sewer    | Reached XP level 7. HP: 28/32 MP: 6/14
  4176 | D:4      | Found an iron altar of Okawaru.
  4264 | D:4      | Reached skill level 1 in Fighting
  4681 | D:5      | Entered Level 5 of the Dungeon
  4745 | D:5      | Learned a level 3 spell: Confusing Touch
  4749 | D:5      | Learned a level 3 spell: Tukima's Dance
  4753 | D:5      | Learned a level 3 spell: Dazzling Flash
  4931 | D:5      | Found a blossoming altar of Fedhas.
  5142 | D:5      | Reached skill level 5 in Short Blades
  5151 | D:5      | Reached XP level 8. HP: 28/37 MP: 3/16
  5272 | D:5      | Found a staircase to the Ecumenical Temple.
  5285 | Temple   | Entered the Ecumenical Temple
  5345 | Temple   | Reached skill level 1 in Conjurations
  5573 | D:6      | Found an ornate altar of the Wu Jian Council.
  5575 | D:6      | Found an ancient bone altar of Kikubaaqudgha.
  5718 | D:6      | Reached skill level 7 in Stealth
  5772 | D:6      | Reached skill level 5 in Spellcasting
  5938 | D:6      | Found the +27 Lear's hauberk
  5984 | D:6      | Found a basalt altar of Yredelemnul.
  6117 | D:6      | Found a white marble altar of Elyvilon.
  6667 | D:7      | Reached XP level 9. HP: 43/43 MP: 14/18
  6778 | D:7      | Noticed an unseen horror
  6851 | D:7      | Killed an unseen horror
  6851 | D:7      | Reached skill level 8 in Stealth
  7947 | D:8      | Found a flagged portal.
  7962 | D:8      | Got an ichor-stained hand axe
  7967 | Bailey   | Entered a bailey
  8213 | Bailey   | Noticed an orc knight
  8228 | Bailey   | Killed an orc knight
  8228 | Bailey   | Reached XP level 10. HP: 38/49 MP: 18/20
  8352 | Bailey   | Reached skill level 9 in Stealth
  8774 | D:8      | Found a shadowy altar of Dithmenos.
  8782 | D:8      | Became a worshipper of Dithmenos the Shadowed
  8834 | D:8      | Found a hazy altar of Hepliaklqana.
  8848 | D:8      | Found a staircase to the Lair.
  9692 | D:9      | Learned a level 1 spell: Apportation
  9716 | D:9      | Reached * piety under Dithmenos
  9821 | D:9      | Reached skill level 10 in Hexes
  9877 | D:9      | Reached skill level 1 in Evocations
 10050 | D:9      | Reached skill level 1 in Translocations
 10284 | D:9      | Found a staircase to the Orcish Mines.
 10292 | D:9      | Reached skill level 1 in Invocations
 10362 | D:10     | Entered Level 10 of the Dungeon
 10692 | D:10     | Reached ** piety under Dithmenos
 10880 | D:10     | Noticed a two-headed hydra
 10884 | D:10     | Killed a two-headed hydra
 10884 | D:10     | Reached skill level 10 in Stealth
 10978 | D:10     | Reached skill level 5 in Dodging
 10978 | D:10     | Reached XP level 11. HP: 54/54 MP: 15/23
 11251 | D:10     | Noticed Snorg
 11264 | D:10     | Killed Snorg
 11430 | D:10     | Noticed Joseph
 11437 | D:10     | Killed Joseph
 11803 | D:11     | Noticed Sonja
 11812 | D:11     | Killed Sonja
 11907 | D:11     | Noticed Erolcha
 11914 | D:11     | Killed Erolcha
 11914 | D:11     | Reached skill level 10 in Short Blades
 11922 | D:11     | Reached skill level 5 in Translocations
 12115 | D:11     | Noticed a catoblepas
 12211 | D:11     | Killed a catoblepas
 12211 | D:11     | Reached skill level 5 in Fighting
 12427 | D:11     | Noticed Psyche
 12671 | D:11     | Reached *** piety under Dithmenos
 12671 | D:11     | Reached skill level 11 in Stealth
 12802 | D:11     | Killed Psyche
 12802 | D:11     | Reached skill level 5 in Evocations
 13043 | Lair:1   | Entered Level 1 of the Lair of Beasts
 13074 | Lair:1   | Noticed Nergalle
 13082 | Lair:1   | Killed Nergalle
 13109 | Lair:1   | Noticed Gastronok
 13141 | Lair:1   | Killed Gastronok
 13141 | Lair:1   | Reached XP level 12. HP: 8/60 MP: 23/25
 13627 | Lair:1   | Noticed Erica
 14085 | Lair:1   | Noticed Maggie
 14091 | Lair:1   | Killed Maggie
 14329 | Lair:1   | Killed Erica
 14329 | Lair:1   | Reached skill level 12 in Stealth
 14329 | Lair:1   | Reached skill level 5 in Invocations
 14624 | Lair:2   | Noticed an eight-headed hydra
 14631 | Lair:2   | Killed an eight-headed hydra
 14673 | Lair:2   | Reached **** piety under Dithmenos
 14919 | Lair:2   | Found a staircase to the Swamp.
 16101 | Lair:4   | Noticed an eight-headed hydra
 16107 | Lair:4   | Killed an eight-headed hydra
 16116 | Lair:4   | Found a staircase to the Snake Pit.
 16252 | Lair:4   | Reached XP level 13. HP: 65/65 MP: 27/27
 16765 | Lair:4   | Reached ***** piety under Dithmenos
 16949 | Lair:4   | Reached skill level 10 in Spellcasting
 16967 | Lair:4   | Reached skill level 13 in Stealth
 17556 | Lair:5   | Found a gate leading to a gauntlet.
 17583 | Gauntlet | Entered a Gauntlet
 17583 | Gauntlet | Found a transporter.
 17583 | Gauntlet | Found a transporter.
 17589 | Gauntlet | Found a transporter.
 17590 | Gauntlet | Found a runed translucent door.
 17606 | Gauntlet | Found a transporter.
 17619 | Gauntlet | Found a transporter.
 17619 | Gauntlet | Found a transporter.
 17621 | Gauntlet | Found a transporter.
 17621 | Gauntlet | Found a transporter.
 17629 | Gauntlet | Noticed a green death
 17633 | Gauntlet | Found a transporter.
 17648 | Gauntlet | Found a transporter.
 17658 | Gauntlet | Found a transporter.
 17672 | Gauntlet | Found a transporter.
 17692 | Gauntlet | Found a transporter.
 17692 | Gauntlet | Found a transporter.
 18013 | Gauntlet | Reached skill level 10 in Dodging
 18244 | Gauntlet | Killed a green death
 18295 | Gauntlet | Noticed a minotaur
 18307 | Gauntlet | Killed a minotaur
 19727 | Lair:6   | Entered Level 6 of the Lair of Beasts
 19831 | Lair:6   | Found a staircase to the Slime Pits.
 19926 | Lair:6   | Reached skill level 14 in Stealth
 20176 | Lair:6   | Reached XP level 14. HP: 72/72 MP: 29/29
 20778 | Lair:6   | Found a large runed translucent door.
 20779 | Lair:6   | Found a large runed translucent door.
 20848 | Lair:6   | Noticed Rupert
 20864 | Lair:6   | Killed Rupert
 20867 | Lair:6   | Reached ****** piety under Dithmenos
 20869 | Lair:6   | Reached skill level 10 in Evocations
 21521 | Orc:1    | Entered Level 1 of the Orcish Mines
 22196 | Orc:2    | Entered Level 2 of the Orcish Mines
 22920 | Orc:2    | Found a staircase to the Elven Halls.
 22920 | Orc:2    | Found Dyank's Food Emporium.
 23183 | Orc:2    | Reached skill level 15 in Stealth
 23435 | Orc:2    | Noticed Blork the orc
 23448 | Orc:2    | Killed Blork the orc
 23670 | Orc:2    | Noticed an orc warlord
 23920 | Orc:2    | Killed an orc warlord
 24047 | Orc:2    | Found a roughly hewn altar of Beogh.
 24050 | Orc:2    | Found Gacwe's General Store.
 24056 | Orc:2    | Bought 2 curare-tipped darts for 14 gold pieces
 24092 | Orc:2    | Found Aghaopno's Jewellery Emporium.
 24125 | Orc:2    | Found Wyxequka's Antique Armour Emporium.
 24140 | Orc:2    | Found Ythraxki's Antique Weapon Emporium.
 24165 | Orc:2    | Bought the ring "Baamm" {Ice rElec} for 390 gold pieces
 24167 | Orc:2    | Bought an uncursed amulet of guardian spirit for 300 gold
                  | pieces
 24167 | Orc:2    | Bought an uncursed ring of protection from fire for 250
                  | gold pieces
 24266 | D:12     | Noticed Maurice
 24288 | D:12     | Killed Maurice
 24296 | D:12     | Found a runed translucent gate.
 24296 | D:12     | Found a runed translucent gate.
 24296 | D:12     | Found a runed translucent gate.
 24299 | D:12     | Noticed collin38's ghost (journeyman MiBe)
 24300 | D:12     | Noticed Delamore's ghost (journeyman GrFi)
 24300 | D:12     | Noticed Shukka's ghost (journeyman MiBe)
 24302 | D:12     | Noticed Vuqugis's ghost (novice DsBe)
 24626 | D:12     | Reached skill level 10 in Invocations
 25140 | D:12     | Killed Vuqugis's ghost
 25140 | D:12     | Reached XP level 15. HP: 78/78 MP: 30/30
 25152 | D:12     | HP: 2/78 [Shukka's ghost (2)]
 25753 | Swamp:1  | Entered Level 1 of the Swamp
 25753 | Swamp:1  | Noticed Aizul
 25755 | Swamp:1  | Killed Aizul
 26102 | Swamp:1  | Noticed Frances
 26105 | Swamp:1  | Killed Frances
 26105 | Swamp:1  | Reached skill level 1 in Armour
 26312 | Swamp:4  | Entered Level 4 of the Swamp
 26346 | Swamp:4  | Learned a level 2 spell: Blink
 26349 | Swamp:4  | Learned a level 2 spell: Shroud of Golubria
 26559 | Swamp:4  | Reached skill level 1 in Charms
 26810 | Swamp:4  | Noticed a bone dragon
 26815 | Swamp:4  | Got a decaying rune of Zot
 27018 | Swamp:2  | Noticed Louise
 27018 | Swamp:2  | Noticed Donald
 27227 | Snake:1  | Entered Level 1 of the Snake Pit
 27229 | Snake:1  | Got a scorched cloak
 27243 | Lair:4   | Identified the +3 cloak of the Ward {rC+ Int+2} (You found
                  | it on level 1 of the Snake Pit)
 27402 | Snake:1  | Reached skill level 16 in Stealth
 27510 | Snake:2  | Noticed a nagaraja
 27533 | Snake:2  | Learned a level 4 spell: Cause Fear
 28372 | Snake:4  | Entered Level 4 of the Snake Pit
 28717 | Snake:4  | Noticed a nagaraja
 28718 | Snake:4  | Noticed a nagaraja
 28721 | Snake:4  | Noticed a nagaraja
 28722 | Snake:4  | Noticed a nagaraja
 28725 | Snake:4  | Noticed a nagaraja
 28748 | Snake:4  | Noticed a nagaraja
 28758 | Snake:4  | Noticed a nagaraja
 28758 | Snake:4  | Noticed a nagaraja
 28758 | Snake:4  | Noticed a nagaraja
 28759 | Snake:4  | Noticed a nagaraja
 28761 | Snake:4  | Noticed a nagaraja
 28761 | Snake:4  | Noticed a nagaraja
 28761 | Snake:4  | Noticed a nagaraja
 28764 | Snake:4  | Got a serpentine rune of Zot
 28770 | Snake:4  | Noticed a nagaraja
 28770 | Snake:4  | Noticed a nagaraja
 28780 | Snake:4  | Killed from afar by a nagaraja

Illustrated notes

Levels and vault maps discovered:
D:1:      wander_arrival_lonely_grave, layout_basic, hex_large
D:2:      layout_loops_ring, first_ration, kennysheep_generic_room_12
D:3:      layout_basic, chequers_ecumenical_altar_simple, uniq_sigmund
D:4:      layout_cave_pools, grunt_temple_overflow_opulence,
          kennysheep_okawaru_gauntlet, gup_sewer_entry_spiral
D:5:      layout_rooms, old_standard_altar, minmay_temple_entry_large_hall,
          zaba_anthole, minivault_14
D:6:      layout_loops_ring, marbit_many_paths, grunt_temple_overflow_open,
          elyvilon_altar_4
D:7:      layout_basic
D:8:      layout_basic, nicolae_overflow_crystal_walls,
          nicolae_dithmenos_shadow_blocks, lair_entry_dummy, enter_bailey_2
D:9:      layout_roguey, orc_0_dummy
D:10:     layout_loops_corners, hangedman_ranch [blue_anna_fruit_fields],
          uniq_snorg, uniq_joseph
D:11:     layout_irregular_city, uniq_sonja, uniq_psyche, uniq_erolcha
D:12:     layout_rooms, gammafunk_ghost_cemetery, minmay_misc_feat_diagonals,
          uniq_maurice
Temple:   dshaligram_water_room_temple
Lair:1:   layout_regular_city, nzn_random_ring, uniq_nergalle, uniq_erica,
          uniq_gastronok, uniq_maggie
Lair:2:   layout_loops_ring, nicolae_swamp_entry_splash_gauntlet
Lair:3:   layout_cave_pods
Lair:4:   layout_regular_city, minmay_snake_entry_six_corridors,
          lemuel_fruit_tree
Lair:5:   layout_cave_pods, gauntlet_entry_generic, lemuel_fruit_fields
Lair:6:   cheibrodos_lair_end_hotspot, layout_gridlike, slime_dummy,
          serial_bayou_pond_d, minivault_23, serial_bayou_ford_a, minivault_19,
          uniq_rupert
Swamp:1:  layout_basic_swamp, serial_swamp_ruin, evilmike_swamp_ruin_house_2,
          evilmike_swamp_ruin_house_5, uniq_josephine, uniq_frances, uniq_aizul
Swamp:2:  layout_basic_swamp, evilmike_swamp_ruin_house_3, uniq_louise,
          uniq_donald
Swamp:3:  layout_falls_marsh, evilmike_swamp_ruin_house_4
Swamp:4:  swamp_pestilence, layout_basic_swamp, swamp_pool2,
          grunt_lady_of_the_lake
Snake:1:  layout_layer_cave
Snake:2:  layout_onion, grunt_megastairs_1
Snake:3:  onia_ninara_swampy_vault, layout_rooms
Snake:4:  grunt_snake_rune_spirals, layout_onion_interference, st_stairs_14,
          uniq_roxanne
Orc:1:    layout_caves, sword_in_stone
Orc:2:    grunt_orc_cross, layout_diamond_mine, serial_shops, shop,
          guppyfry_library_mini

Skill      XL: |  1  2  3  4  5  6  7  8  9 10 11 12 13 14 15 |
---------------+----------------------------------------------+-----
Spellcasting   | 3 4 5 6 7 8 9 10 | 10.0
Hexes          | 4 5 6 7 9 10 | 10.0
Short Blades   | 2 3 4 5 6 8 9 10 11 12 | 12.0
Ice Magic      | 1 2 3 |  3.0
Stealth        | 5 6 7 8 10 11 12 14 15 16 | 16.4
Fighting       | 1 2 3 4 5 6 7 8 9 |  9.0
Conjurations   | 1 2 3 |  3.0
Evocations     | 3 5 7 9 10 | 10.0
Translocations | 3 6 7 8 |  8.4
Dodging        | 5 7 9 10 12 13 | 13.6
Invocations    | 2 4 5 7 10 11 | 11.4
Armour         | 2 |  2.8
Charms         | 3 |  3.0

Action                   |  1- 3 |  4- 6 |  7- 9 | 10-12 | 13-15 || total
-------------------------+-------+-------+-------+-------+-------++-------
Melee: Dagger            |   142 |   151 |   307 |   479 |   771 ||  1850
Throw: Boomerang         |    23 |     7 |    33 |    43 |    79 ||   185
       Dart              |       |       |       |    37 |     6 ||    43
       Throwing net      |       |       |       |       |     1 ||     1
 Cast: Corona            |    13 |       |       |       |       ||    13
       Ensorcelled Hiber |    17 |    16 |    48 |   119 |   255 ||   455
       Confusing Touch   |       |       |     9 |     9 |    34 ||    52
       Apportation       |       |       |       |     1 |    56 ||    57
       Dazzling Flash    |       |       |       |       |    16 ||    16
       Tukima's Dance    |       |       |       |       |     3 ||     3
       Blink             |       |       |       |       |     5 ||     5
Invok: Shadow Step       |       |       |       |       |     4 ||     4
       Shadow Form       |       |       |       |       |     2 ||     2
 Abil: Evoke Flight      |       |       |     1 |     1 |     4 ||     6
       Evoke Invisibilit |       |       |       |     5 |    23 ||    28
       End Transformatio |       |       |       |       |     1 ||     1
Evoke: Wand              |       |       |       |     1 |    24 ||    25
       Phantom mirror    |       |       |       |       |     1 ||     1
  Use: Scroll            |     2 |     1 |     7 |    12 |    33 ||    55
       Potion            |       |       |       |     1 |    12 ||    13
 Stab: Sleeping          |    19 |    26 |    36 |   125 |   229 ||   435
       Confused          |       |       |    12 |     8 |    35 ||    55
       Distracted        |       |       |     1 |     2 |     3 ||     6
       Invisible         |       |       |       |    17 |    93 ||   110
  Eat: Ration            |       |     1 |     3 |     5 |    12 ||    21
Armor: Robe              |     9 |     7 |    24 |    37 |    10 ||    87
       Steam dragon scal |       |       |       |       |    28 ||    28
       Swamp dragon scal |       |       |       |       |    59 ||    59
Dodge: Dodged            |   127 |    99 |   159 |   276 |   593 ||  1254
Block: Other             |       |       |    26 |    35 |       ||    61
       Reflection        |       |       |     4 |     5 |       ||     9

Levels and vault maps discovered:
D:1:      wander_arrival_lonely_grave, layout_basic, hex_large
D:2:      layout_loops_ring, first_ration, kennysheep_generic_room_12
D:3:      layout_basic, chequers_ecumenical_altar_simple, uniq_sigmund
D:4:      layout_cave_pools, grunt_temple_overflow_opulence,
          kennysheep_okawaru_gauntlet, gup_sewer_entry_spiral
D:5:      layout_rooms, old_standard_altar, minmay_temple_entry_large_hall,
          zaba_anthole, minivault_14
D:6:      layout_loops_ring, marbit_many_paths, grunt_temple_overflow_open,
          elyvilon_altar_4
D:7:      layout_basic
D:8:      layout_basic, nicolae_overflow_crystal_walls,
          nicolae_dithmenos_shadow_blocks, lair_entry_dummy, enter_bailey_2
D:9:      layout_roguey, orc_0_dummy
D:10:     layout_loops_corners, hangedman_ranch [blue_anna_fruit_fields],
          uniq_snorg, uniq_joseph
D:11:     layout_irregular_city, uniq_sonja, uniq_psyche, uniq_erolcha
D:12:     layout_rooms, gammafunk_ghost_cemetery, minmay_misc_feat_diagonals,
          uniq_maurice
Temple:   dshaligram_water_room_temple
Lair:1:   layout_regular_city, nzn_random_ring, uniq_nergalle, uniq_erica,
          uniq_gastronok, uniq_maggie
Lair:2:   layout_loops_ring, nicolae_swamp_entry_splash_gauntlet
Lair:3:   layout_cave_pods
Lair:4:   layout_regular_city, minmay_snake_entry_six_corridors,
          lemuel_fruit_tree
Lair:5:   layout_cave_pods, gauntlet_entry_generic, lemuel_fruit_fields
Lair:6:   cheibrodos_lair_end_hotspot, layout_gridlike, slime_dummy,
          serial_bayou_pond_d, minivault_23, serial_bayou_ford_a, minivault_19,
          uniq_rupert
Swamp:1:  layout_basic_swamp, serial_swamp_ruin, evilmike_swamp_ruin_house_2,
          evilmike_swamp_ruin_house_5, uniq_josephine, uniq_frances, uniq_aizul
Swamp:2:  layout_basic_swamp, evilmike_swamp_ruin_house_3, uniq_louise,
          uniq_donald
Swamp:3:  layout_falls_marsh, evilmike_swamp_ruin_house_4
Swamp:4:  swamp_pestilence, layout_basic_swamp, swamp_pool2,
          grunt_lady_of_the_lake
Snake:1:  layout_layer_cave
Snake:2:  layout_onion, grunt_megastairs_1
Snake:3:  onia_ninara_swampy_vault, layout_rooms
Snake:4:  grunt_snake_rune_spirals, layout_onion_interference, st_stairs_14,
          uniq_roxanne
Orc:1:    layout_caves, sword_in_stone
Orc:2:    grunt_orc_cross, layout_diamond_mine, serial_shops, shop,
          guppyfry_library_mini
